Map: Dusk Towers

Players

ILLBdA

  • Race: Protoss Protoss
  • League: Platinum

피제이티과자장수 - Winner!

  • Race: Terran Terran
  • League: Diamond

VOD

Have the link to the VOD?

Description

Time

  • Played on: Dec. 13, 2015, 9:51 a.m.
  • Length: 8:21
Show
View Real Time Build Order
Export as new Build Order

ILLBdA Protoss 

Build Orders: 1 Gate Expand, Oracle Opening 

Get SALT Encoding   

  12  0:02  Probe (Chrono Boost)  
  13  0:12  Probe (Chrono Boost)  
  14  0:19  Pylon  
  14  0:23  Probe (Chrono Boost)  
  15  0:37  Probe (Chrono Boost)  
  15  0:38  Gateway  
  15  0:42  Assimilator  
  16  0:48  Probe (Chrono Boost)  
  17  0:58  Probe (Chrono Boost)  
  18  1:09  Probe (Chrono Boost)  
  19  1:21  Nexus  
  19  1:31  Cybernetics Core  
  19  1:35  Probe (Chrono Boost)  
  20  1:41  Pylon  
  20  1:50  Probe (Chrono Boost), Assimilator  
  21  2:00  Probe (Chrono Boost)  
  22  2:07  Adept (Chrono Boost)  
  22  2:08  Warp Gate  
  24  2:11  Probe  
  25  2:20  Pylon  
  25  2:24  Mothership Core  
  27  2:34  Probe  
  28  2:45  Probe x2 (Chrono Boost)  
  28  2:49  Stargate  
  30  2:57  Probe x2 (Chrono Boost)  
  32  3:04  Stalker  
  34  3:07  Probe (Chrono Boost)  
  34  3:08  Probe (Chrono Boost)  
  36  3:18  Probe x2 (Chrono Boost), Assimilator x2  
  38  3:28  Probe (Chrono Boost)  
  38  3:30  Pylon  
  38  3:32  Oracle (Chrono Boost)  
  42  3:38  Probe  
  42  3:40  Probe  
  44  3:49  Probe  
  44  3:51  Forge  
  45  4:01  Probe, Fleet Beacon  
  43  4:26  Probe, Oracle (Chrono Boost)  
  47  4:34  Gateway  
  47  4:37  Pylon  
  47  4:39  Adept  
  47  4:42  Probe  
  47  4:44  Pylon  
  50  4:50  Probe  
  51  4:54  Tempest (Chrono Boost)  
  55  5:03  Probe  
  55  5:06  Stargate  
  56  5:07  Probe  
  56  5:08  Protoss Ground Armor Level 1 (Chrono Boost)  
  56  5:12  Photon Cannon  
  57  5:15  Probe  
  57  5:16  Photon Cannon  
  58  5:33  Tempest (Chrono Boost)  
  62  5:49  Probe  
  63  5:52  Tempest (Chrono Boost)  
  63  5:56  Probe  
  68  6:02  Pylon  
  68  6:04  Pylon  
  72  6:20  Tempest (Chrono Boost)  
  72  6:30  Tempest (Chrono Boost)  
  76  6:51  Adept x2  
  78  6:58  Tempest (Chrono Boost)  
  80  7:05  Mothership Core  
  75  7:12  Adept x2  
  77  7:21  Probe  
  62  7:30  Pylon  
  62  7:34  Probe, Pylon  
  62  7:36  Pylon  
  63  7:38  Pylon  
  63  7:43  Adept  
  64  7:44  Adept  
  70  7:52  Probe  
  70  7:53  Phoenix  
  73  8:04  Probe  
Show
View Real Time Build Order
Export as new Build Order

피제이티과자장수 Terran - Winner!

Build Orders: Command Center First (CC), MMM Bio 

Get SALT Encoding   

  12  0:00  SCV  
  13  0:12  SCV  
  14  0:17  Supply Depot  
  14  0:24  SCV  
  15  0:38  SCV  
  16  0:50  SCV  
  17  0:59  Command Center  
  17  1:02  SCV  
  18  1:13  Barracks  
  18  1:17  SCV  
  19  1:28  Barracks  
  19  1:30  SCV  
  20  1:41  Barracks  
  20  1:46  SCV  
  21  1:58  SCV  
  22  2:05  Marine  
  23  2:10  Orbital Command  
  23  2:13  Orbital Command  
  23  2:18  Marine  
  24  2:23  Refinery  
  24  2:25  Marine  
  25  2:35  Refinery, Marine  
  25  2:36  Marine  
  27  2:41  SCV  
  27  2:42  SCV  
  28  2:44  Marine  
  29  2:53  SCV  
  29  2:54  Marine  
  29  2:55  Supply Depot  
  29  2:56  Marine  
  32  3:02  Marine  
  33  3:12  Supply Depot, Marine  
  34  3:13  SCV  
  34  3:14  Marine  
  34  3:16  SCV  
  37  3:20  Marine  
  37  3:23  Factory  
  38  3:27  SCV  
  38  3:28  SCV  
  38  3:30  Marine  
  38  3:32  Barracks Tech Lab  
  41  3:39  Barracks Tech Lab  
  41  3:44  SCV  
  43  3:48  SCV  
  43  3:50  Engineering Bay  
  43  3:51  Marine  
  45  3:59  SCV, Stimpack  
  45  4:01  SCV  
  46  4:07  Marine  
  46  4:09  Marine  
  48  4:11  SCV  
  48  4:15  Cyclone  
  48  4:26  SCV x2  
  50  4:33  Missile Turret  
  50  4:37  Missile Turret  
  50  4:38  SCV  
  51  4:41  Barracks Reactor  
  51  4:44  Command Center, SCV  
  52  4:47  Refinery  
  52  4:48  Refinery  
  52  4:50  SCV  
  53  4:56  SCV  
  54  5:03  Starport  
  54  5:08  Supply Depot  
  54  5:09  Terran Infantry Weapons Level 1  
  54  5:10  Supply Depot  
  54  5:24  Barracks Reactor  
  54  5:26  Barracks Reactor  
  54  5:29  Supply Depot, Marine  
  54  5:30  SCV x2  
  57  5:42  SCV x2  
  59  5:46  Starport  
  59  5:51  Viking x2  
  59  5:54  SCV x2  
  65  6:05  Combat Shields  
  65  6:06  SCV  
  65  6:08  SCV  
  67  6:18  SCV, Marine  
  68  6:19  Orbital Command, Marine x3  
  68  6:21  Viking x2  
  73  6:37  Marine  
  73  6:38  Marine x2  
  74  6:51  Viking x2  
  77  6:58  Marine x2  
  76  7:16  Viking  
  76  7:21  Viking  
  76  7:23  Viking  
  76  7:25  SCV x2  
  76  7:27  Orbital Command  
  76  7:30  Marine x3  
  76  7:31  Marine  
  77  7:46  Viking  
  77  7:48  Marine x2  
  77  7:49  Marine  
  77  7:50  Marine  
Tags
 
Add a new tag
Caveats
  • Supply blocks, unpowered buildings, or Contaminate may cause inaccurate times.
  • Supply counts are checked every 10 seconds.